 Dungeon Crawl Stone Soup version 0.22-a0-161-g198051c (webtiles) character file.

939 vishdafish the Slasher (level 7, -7/54 HPs)
             Began as a Demonspawn Skald on Feb 11, 2018.
             Was a Priest of Cheibriados.
             Mangled by an ogre
             ... wielding a +0 giant spiked club
              (26 damage)
             ... on level 5 of the Dungeon.
             The game lasted 00:20:04 (4822 turns).

vishdafish the Slasher (Demonspawn Skald)           Turns: 4822, Time: 00:20:04

Health: -7/54      AC:  3    Str: 17    XL:     7   Next: 87%
Magic:  21/21      EV: 15    Int: 22    God:    Cheibriados [***...]
Gold:   186        SH:  0    Dex: 19    Spells: 11/12 levels left

rFire    . . .     SeeInvis .   a - +0 falchion
rCold    . . .     Gourm    .   (no shield)
rNeg     . . .     Faith    .   b - +0 leather armour
rPois    +         Spirit   .   (helmet restricted)
rElec    +         Reflect  .   (no cloak)
rCorr    .         Harm     .   (no gloves)
MR       ++...                  (no boots)
Stlth    +.........             (no amulet)
HPRegen  0.18/turn              v - ring of magical power
MPRegen  0.17/turn              h - ring of wizardry

@: very slow
A: antennae 2, claws 1, magic resistance 2, poison resistance, powered by death
2, electricity resistance, spiny 1, evolution 1, sturdy frame 1
a: Bend Time, Temporal Distortion, Renounce Religion


You were on level 5 of the Dungeon.
You worshipped Cheibriados.
Cheibriados was most pleased with you.
You were not hungry.

You visited 1 branch of the dungeon, and saw 5 of its levels.

You collected 225 gold pieces.
You spent 39 gold pieces at shops.

Inventory:

Hand Weapons
 a - a +0 falchion (weapon)
Missiles
 m - 3 javelins (quivered)
Armour
 b - a +0 leather armour (worn)
 u - a +0 ring mail
Jewellery
 h - a ring of wizardry (right claw)
 t - an uncursed amulet of faith
 v - a ring of magical power (left claw)
Scrolls
 f - 3 scrolls of blinking
 g - a scroll of fog
 i - a scroll of magic mapping {unknown}
 j - 2 scrolls of random uselessness {unknown}
 k - 2 scrolls of amnesia {unknown}
 l - 2 scrolls of remove curse
 p - a scroll of enchant weapon {unknown}
 r - 4 scrolls of teleportation
 x - 2 scrolls of enchant armour {unknown}
Potions
 e - a potion of cancellation
 o - a potion of brilliance {unknown}
 s - a potion of invisibility {unknown}
 w - a potion of degeneration {unknown}
Books
 c - a book of Battle

   Spells                             Type                      Level
   a - Infusion                       Charms                       1
   b - Shroud of Golubria             Charms/Translocation         2
   c - Song of Slaying                Charms                       2
   d - Spectral Weapon                Hexes/Charms                 3
   e - Regeneration                   Charms/Necromancy            3
Comestibles
 d - 9 rations


   Skills:
 + Level 4.2 Fighting
 + Level 4.8 Long Blades
 - Level 1.6 Armour
 + Level 4.1 Dodging
 - Level 3.3 Spellcasting
 - Level 3.1 Charms
 * Level 3.7 Invocations


You had 11 spell levels left.
You knew the following spells:

 Your Spells              Type           Power        Failure   Level  Hunger
a - Infusion              Chrm           ###.         1%          1    None


Dungeon Overview and Level Annotations

Branches:
Dungeon (5/15)             Temple (0/1) D:5

Altars:
Cheibriados
Kikubaaqudgha
Nemelex Xobeh
Okawaru
Trog
Vehumet

Shops:
D:4 *([


Innate Abilities, Weirdness & Mutations

You have a pair of antennae on your head.
You regenerate health from kills.
You are partially covered in sharp spines.
Your movements are slightly less encumbered by armour. (ER -2)
You have sharp fingernails.
You are highly resistant to hostile enchantments. (MR++)
Your system is resistant to poisons. (rPois)
You are resistant to electric shocks. (rElec)
You evolve.


Message History

Things that are here:
a club; a hound corpse x2
Found a stone staircase leading down.
Magic restored.
An ogre comes into view. It is wielding a giant spiked club.
The ogre shouts!
Found 5 gold pieces.
There is an open door here.
You hit the ogre.
The ogre is lightly wounded.
The ogre hits you with a giant spiked club!
You slash the ogre!
The ogre is heavily wounded.
The ogre is struck by your spines.
The ogre hits you with a giant spiked club!
You are too injured to fight recklessly!
You hit the ogre.
The ogre is severely wounded.
The ogre hits you with a giant spiked club!!
You die...

..##.....##.#######.
............#...'^#.
............#...###.
...........#...'.#.
###....##.###)###.
####+####....##...P.P...
........#.....#.........
.....$..#.....#.......+.
......O@'>....#.......#.
###+##.########.#####'#.
#.##..####.#.......
#......#...#.......
#......#...#.<.....
#......'...#.......
#......#...#......#
#'######...#......#
##.....##...#......#


You could see an ogre.

Vanquished Creatures
  A black bear (D:3)
  A sky beast (D:5)
  2 ogres
  An elf skeleton (D:4)
  A bullfrog zombie (D:5)
  A human zombie (D:4)
  2 hounds (D:5)
  A centaur skeleton (D:4)
  An iguana (D:4)
  2 human skeletons (D:4)
  3 worker ants (D:4)
  4 gnolls (D:5)
  8 adders
  A shadow imp (D:5)
  An ooze (D:2)
  5 worms
  2 dart slugs
  2 leopard geckos (D:2)
  8 orcs
  7 bats
  6 giant cockroaches
  8 goblins
  9 hobgoblins
  14 jackals
  2 quokkas
  3 ball pythons
  4 frilled lizards
  6 kobolds
  An orc skeleton (D:4)
  An orc zombie (D:4)
  3 rats
111 creatures vanquished.

Notes
Turn   | Place    | Note
-------+----------+-------------------------------------------
     0 | D:1      | vishdafish the Demonspawn Skald began the quest for the Orb.
     0 | D:1      | Reached XP level 1. HP: 16/16 MP: 3/3
   148 | D:1      | Reached skill level 1 in Armour
   171 | D:1      | Found a snail-covered altar of Cheibriados.
   176 | D:1      | Gained mutation: You have a pair of small antennae on your head. [demonic ancestry]
   176 | D:1      | Reached XP level 2. HP: 21/22 MP: 5/5
   244 | D:1      | Became a worshipper of Cheibriados the Contemplative
   904 | D:2      | Gained mutation: You have a pair of antennae on your head. [demonic ancestry]
   904 | D:2      | Reached XP level 3. HP: 20/27 MP: 0/6
   999 | D:2      | Reached * piety under Cheibriados
  1014 | D:2      | Found an ancient bone altar of Kikubaaqudgha.
  2298 | D:3      | Gained mutation: Your movements are slightly less encumbered by armour. (ER -2) [demonic ancestry]
  2298 | D:3      | Reached XP level 4. HP: 31/33 MP: 4/7
  2411 | D:3      | Noticed a black bear
  2427 | D:3      | Killed a black bear
  2427 | D:3      | Gained mutation: You regenerate a little health from kills. [demonic ancestry]
  2427 | D:3      | Reached XP level 5. HP: 34/39 MP: 2/8
  2519 | D:3      | Noticed an ogre
  2528 | D:3      | Killed an ogre
  2800 | D:3      | Gained mutation: You regenerate health from kills. [demonic ancestry]
  2800 | D:3      | Reached XP level 6. HP: 40/46 MP: 5/10
  3049 | D:3      | Found a sparkling altar of Nemelex Xobeh.
  3516 | D:4      | Found an iron altar of Okawaru.
  3612 | D:4      | Gained mutation: You have a pair of large antennae on your head. (SInv) [potion of mutation]
  3612 | D:4      | Gained mutation: You are resistant to electric shocks. (rElec) [potion of mutation]
  3613 | D:4      | Lost mutation: You have a pair of large antennae on your head. (SInv) [potion of mutation]
  3613 | D:4      | Gained mutation: You evolve. [potion of mutation]
  3613 | D:4      | Gained mutation: You have sharp fingernails. [potion of mutation]
  3613 | D:4      | Gained mutation: You are resistant to hostile enchantments. (MR+) [potion of mutation]
  3613 | D:4      | Gained mutation: You are highly resistant to hostile enchantments. (MR++) [potion of mutation]
  3721 | D:4      | Reached ** piety under Cheibriados
  3745 | D:4      | Found a sand-covered staircase.
  4005 | D:4      | Gained mutation: You are partially covered in sharp spines. [demonic ancestry]
  4005 | D:4      | Reached XP level 7. HP: 31/52 MP: 5/11
  4044 | D:4      | Found a radiant altar of Vehumet.
  4073 | D:4      | Gained mutation: Your system is resistant to poisons. (rPois) [evolution]
  4084 | D:4      | Found Pauzidy's Armour Shop.
  4112 | D:4      | Found Nagedeho's Antique Weapon Boutique.
  4112 | D:4      | Found Ugoum's General Store.
  4123 | D:4      | Reached skill level 1 in Invocations
  4128 | D:4      | Bought a scroll of teleportation for 39 gold pieces
  4265 | D:4      | Found a bloodstained altar of Trog.
  4502 | D:5      | Entered Level 5 of the Dungeon
  4535 | D:5      | Found a staircase to the Ecumenical Temple.
  4792 | D:5      | Reached *** piety under Cheibriados
  4822 | D:5      | Mangled by an ogre

Vault maps used:
D:1:      dpeg_arrival_signposts, cheibriados_altar_1
D:2:      kiku_gazebo_garden_becter, first_ration, minmay_misc_feat_columns,
          corexii_item_surrounded_by_moat
D:3:      nicolae_overflow_hidden_temple, minmay_stone_trees_medium,
          kennysheep_generic_room_8
D:4:      lightli_temple_of_fire, fiery_altar_vehumet, lemuel_doored_altar,
          nicolae_ossuary_entry_catacombs, serial_shops, shop, shop, shop
D:5:      minmay_goblin_kobold_castle, temple_green, minmay_crystal_water,
          cheibrodos_gnoll_hut

Skill      XL: |  1  2  3  4  5  6  7 |
---------------+----------------------+-----
Armour         | 1 |  1.6
Long Blades    | 2 3 4 |  4.8
Dodging        | 2 3 4 |  4.1
Charms         | 3 |  3.1
Fighting       | 3 4 |  4.2
Spellcasting   | 3 |  3.3
Invocations    | 3 |  3.7

Action                   |  1- 3 |  4- 6 |  7- 9 || total
-------------------------+-------+-------+-------++-------
Melee: Falchion          |   120 |   209 |    67 ||   396
Throw: Javelin           |       |     2 |     5 ||     7
 Cast: Infusion          |     6 |    13 |     7 ||    26
  Use: Potion            |       |     6 |     1 ||     7
       Scroll            |       |     5 |     2 ||     7
  Eat: Chunk             |     3 |     2 |     2 ||     7
Armor: Leather armour    |    44 |    32 |     7 ||    83
       Skin              |       |       |    14 ||    14
Dodge: Dodged            |   104 |   145 |    56 ||   305
       Rpst.: Falchion   |    29 |    48 |    12 ||    89

Table legend:
 A = Spawn XP
 B = Non-spawn XP
 C = Spawn XP percentage of total XP
 D = Spawn monster count
 E = Non-spawn monster count
 F = Spawn count percentage of total count
 G = Total turns spent on level
                    A         B        C        D         E        F      G
               +---------+---------+-------+---------+---------+-------+---------
         Total |       0 |    1342 |   0.0 |       0 |     111 |   0.0 |  4822
               +---------+---------+-------+---------+---------+-------+---------
           D:1 |       0 |      19 |   0.0 |       0 |      11 |   0.0 |   703
           D:2 |       0 |      72 |   0.0 |       0 |      22 |   0.0 |  1515
           D:3 |       0 |     353 |   0.0 |       0 |      35 |   0.0 |  1280
           D:4 |       0 |     559 |   0.0 |       0 |      26 |   0.0 |  1004
           D:5 |       0 |     339 |   0.0 |       0 |      17 |   0.0 |   320
               +---------+---------+-------+---------+---------+-------+---------
